 Dungeon Crawl Stone Soup version 0.18-a0-1202-g796ae12 (webtiles) character file.

62 st0uf the Skirmisher (level 4, -4/42 HPs)
             Began as a Naga Fighter on Jan 31, 2016.
             Was a Follower of Ru.
             Slain by an ogre
             ... wielding a +0 giant club
              (24 damage)
             ... on level 3 of the Dungeon.
             The game lasted 00:13:49 (2575 turns).

st0uf the Skirmisher (Naga Fighter)                 Turns: 2575, Time: 00:13:50

Health: -4/42      AC:  5    Str: 18    XL:     4   Next: 8%
Magic:  4/4        EV:  6    Int:  9    God:    Ru [*.....]
Gold:   96         SH:  9    Dex: 11    Spells: 0 memorised, 3 levels left

rFire  . . .     SeeInvis +     a - +0 trident
rCold  . . .     Gourm    +     b - +0 scale mail
rNeg   . . .     Faith    .     c - +0 shield
rPois  +         Spirit   .     (no helmet)
rElec  .         Dismiss  .     (no cloak)
rCorr  .         Reflect  .     (no gloves)
SustAt .         Harm     .     (no barding)
MR     .....                    p - amulet of the gourmand
Stlth  +.........               (no ring)
                                s - ring of stealth

@: short of breath, very slow, not resistant to hostile enchantments, very
unstealthy
A: see invisible, deformed body, poison resistance, slowness 2, slow metabolism
1, spit poison 2, inexperienced 1, AC +1
a: Spit Poison, Renounce Religion


You were on level 3 of the Dungeon.
You worshipped Ru.
Ru was aware of your devotion.
You were very full.

You visited 1 branch of the dungeon, and saw 3 of its levels.

You collected 96 gold pieces.

Inventory:

Hand Weapons
 a - a +0 trident (weapon)
Missiles
 m - 69 bolts
Armour
 b - a +0 scale mail (worn)
 c - a +0 shield (worn)
Jewellery
 p - an amulet of the gourmand (around neck)
 s - a ring of stealth (left hand)
Scrolls
 e - a scroll of enchant weapon {unknown}
 g - a scroll of enchant armour {unknown}
 h - a scroll of teleportation
 i - 2 scrolls of identify {unknown}
 j - a scroll of immolation {unknown}
 n - a scroll of remove curse {unknown}
 o - a scroll of blinking {unknown}
 t - a scroll of fog {unknown}
 x - a scroll of random uselessness {unknown}
Potions
 d - 2 potions of might
 l - a potion of heal wounds
 q - a potion of cancellation {unknown}
 r - a potion of curing {unknown}
 v - a potion of haste {unknown}
Books
 u - a book of Burglary

   Spells                             Type                      Level
   a - Swiftness                      Charms/Air                   2
   b - Passwall                       Transmutation/Earth          3
   c - Passage of Golubria            Translocation                4
   d - Lee's Rapid Deconstruction     Earth                        5
   e - Darkness                       Hexes                        6
   f - Invisibility                   Hexes                        6
Comestibles
 f - a bread ration
 k - a meat ration


   Skills:
 + Level 3.4 Fighting
 * Level 2.9 Polearms
 + Level 3.0 Armour
 + Level 1.4 Dodging
 + Level 2.9 Shields


You had 3 spell levels left.
You didn't know any spells.

Dungeon Overview and Level Annotations

Branches:
Dungeon (3/15)

Altars:
Nemelex Xobeh
Qazlal
Ru


Innate Abilities, Weirdness & Mutations

You cannot wear boots.
Your serpentine skin is tough (AC +1).
You have supernaturally acute eyesight.
Armour fits poorly on your strangely shaped body.
Your system is resistant to poisons.
You cover ground very slowly.
You have a slow metabolism.
You can spit poison.
You are somewhat inexperienced (-2 XL).


Message History

Aim: an ogre, wielding a giant club (heavily wounded)
You reach to attack!
You hit the ogre.
The ogre is heavily wounded.
The kobold hits you but does no damage.
Attack whom?
Press: ? - help, Dir - move target cursor, f/p - ogre
Aim: an ogre, wielding a giant club (heavily wounded)
The kobold is in the way.
You hit the kobold.
You kill the kobold!
Press: ? - help, Shift-Dir - straight line, f/p - ogre
Aim: an ogre, wielding a giant club (heavily wounded)
The splash of poison hits the ogre.
The ogre is poisoned.
The ogre is severely wounded.
You feel slightly less full. The ogre hits you with a giant club!!
Ouch! That really hurt!
You hit the ogre.
The ogre is almost dead.
The ogre hits you with a giant club!!
Ouch! That really hurt!
You die...

#...#
#.#####...####
#.....)......+
#######...####
##.## #.# #.#
#O# #@# #.# .#
#.# ##.## #[#
...## #.# ....
##.########...
#.........##.#
##.#.#.##.##.#
###.#.......#


You could see an ogre.

Vanquished Creatures
  3 adders
  3 gnolls
  An ooze (D:2)
  4 giant geckos
  2 ball pythons (D:1)
  7 giant cockroaches
  3 goblins
  5 hobgoblins
  5 jackals (D:2)
  5 bats
  4 giant newts
  8 kobolds
  7 rats
57 creatures vanquished.

Notes
Turn   | Place    | Note
--------------------------------------------------------------
     0 | D:1      | st0uf the Naga Fighter began the quest for the Orb.
     0 | D:1      | Reached XP level 1. HP: 21/21 MP: 1/1
     6 | D:1      | Noticed a swamp drake
     6 | D:1      | Noticed a salamander
     7 | D:1      | Noticed a polar bear
     7 | D:1      | Noticed a killer bee
   533 | D:1      | Reached XP level 2. HP: 22/28 MP: 2/2
  1078 | D:1      | Reached XP level 3. HP: 34/34 MP: 3/3
  1137 | D:2      | Reached skill level 1 in Dodging
  1450 | D:2      | Reached XP level 4. HP: 35/42 MP: 4/4
  1564 | D:2      | Found a faded altar to an unknown god.
  1571 | D:2      | Became a worshipper of Ru the Awakened
  1597 | D:2      | Gained mutation: You are somewhat inexperienced (-2 XL). [Ru sacrifice]
  1597 | D:2      | Reached XP level 3. HP: 34/34 MP: 3/3
  1597 | D:2      | Reached XP level 2. HP: 28/28 MP: 2/2
  1597 | D:2      | Reached * piety under Ru
  1656 | D:2      | Reached XP level 3. HP: 4/34 MP: 3/3
  2011 | D:2      | Found a sparkling altar of Nemelex Xobeh.
  2012 | D:2      | Noticed an eye of draining
  2012 | D:2      | Noticed a necrophage
  2275 | D:3      | Found a stormy altar of Qazlal.
  2276 | D:3      | Noticed a water elemental
  2504 | D:3      | Reached XP level 4. HP: 34/42 MP: 4/4
  2556 | D:3      | Noticed an ogre
  2575 | D:3      | Slain by an ogre

Vault maps used:
D:1:      onia_arrival_zoo_common
D:2:      ecumenical_altar_1, grunt_nemelex_the_gamble
D:3:      lemuel_coloured_pillars_altar, first_bread, serial_bayou,
          serial_bayou_lagoon_a, serial_bayou_pond_e, serial_bayou_pond_a,
          serial_bayou_pond_d, nicolae_qazlal_style_of_elements

Action                   |  1- 3 |  4- 6 || total
-------------------------+-------+-------++-------
Melee: Trident           |   148 |    35 ||   183
Invok: Sacrifice Experie |     1 |       ||     1
 Abil: Spit Poison       |    17 |     9 ||    26
  Use: Scroll            |     1 |       ||     1
  Eat: Chunk             |    10 |     6 ||    16
